 Dungeon Crawl Stone Soup version 0.21-a0-78-g82a99e0 (webtiles) character file.

32 xgamer67 the Sneak (level 3, 0/16 HPs)
             Began as a Spriggan Enchanter on June 21, 2017.
             Killed from afar by sergedm's ghost (9 damage)
             ... with a magic dart
             ... on level 3 of the Dungeon.
             The game lasted 00:05:00 (2020 turns).

xgamer67 the Sneak (Spriggan Enchanter)             Turns: 2020, Time: 00:05:00

Health: 0/16       AC:  2    Str:  4    XL:     3   Next: 10%
Magic:  8/8        EV: 18    Int: 17    God:
Gold:   85         SH:  2    Dex: 16    Spells: 5/8 levels left

rFire    . . .     SeeInvis +   a - +1 dagger
rCold    . . .     Gourm    .   (shield restricted)
rNeg     . . .     Faith    .   b - +0 robe
rPois    .         Spirit   .   (helmet restricted)
rElec    .         Reflect  +   (no cloak)
rCorr    .         Harm     .   (gloves unavailable)
MR       .....                  (boots unavailable)
Stlth    +++.......             m - +2 amulet of reflection
HPRegen  0.05/turn              (no ring)
MPRegen  0.11/turn              (no ring)

@: very quick
A: unfitting armour, see invisible, herbivore 3, speed 3, slow metabolism 2
a: no special abilities


You were on level 3 of the Dungeon.
You were not hungry.

You visited 1 branch of the dungeon, and saw 3 of its levels.

You collected 85 gold pieces.

Inventory:

Hand Weapons
 a - a +1 dagger (weapon)
 e - a +2 short sword of flaming
Armour
 b - a +0 robe (worn)
Jewellery
 m - a +2 amulet of reflection (around neck)
Scrolls
 o - a scroll of amnesia
Potions
 g - a potion of curing
 h - a potion of brilliance {unknown}
 i - a potion of might {unknown}
Books
 c - a book of Maledictions

   Spells                             Type                      Level
   a - Corona                         Hexes                        1
   b - Ensorcelled Hibernation        Hexes/Ice                    2
   c - Confuse                        Hexes                        3
   d - Tukima's Dance                 Hexes                        3
   e - Dazzling Spray                 Conjuration/Hexes            3
Comestibles
 d - 2 bread rations
 f - a royal jelly
 j - 2 fruits


   Skills:
 - Level 1.1 Short Blades
 - Level 3.0 Dodging
 + Level 5.3 Stealth
 + Level 3.4 Spellcasting
 - Level 4.0 Hexes


You had 5 spell levels left.
You knew the following spells:

 Your Spells              Type           Power        Failure   Level  Hunger
a - Ensorcelled Hibernat  Hex/Ice        #.....       11%         2    ##.....
d - Corona                Hex            ###....      3%          1    None


Dungeon Overview and Level Annotations

Branches:
Dungeon (3/15)

Altars:

Annotations:
D:2 Sigmund
D:3 sergedm's ghost, weakling DECj


Innate Abilities, Weirdness & Mutations

You are very small and have problems with some larger weapons.
You are too small for most types of armour.
You have supernaturally acute eyesight. (SInv)
You are a herbivore.
You cover ground extremely quickly.
You need consume almost no food.


Message History

The hobgoblin hits you but does no damage.
Energy condenses in front of sergedm's ghost, but quickly dissipates.
You hit the hobgoblin.
The hobgoblin is heavily wounded.
The hobgoblin misses you.
You completely miss the hobgoblin.
The hobgoblin is heavily wounded.
The hobgoblin closely misses you.
You hit the hobgoblin but do no damage.
The hobgoblin is heavily wounded.
The hobgoblin completely misses you.
You hit the hobgoblin.
The hobgoblin is almost dead.
Sergedm's ghost keens inconsolably.
You hit the hobgoblin.
You kill the hobgoblin!
Sergedm's ghost gestures at you while chanting.
The magic dart hits you!
Ouch! That really hurt!
You die...

#.g##.# ♣...#
#..##.# ..#. #..##.#
...#
#..##.##############
...
#..................#
# .)
##...(############(#
... #. ###..# #.#
.....#.#######..##
#.#
........).W..@...#
#.#
#..###.#######...#
#.# #. #...# #.# .##
#. #...# #.. ...
#.#######...# ### .#
#(.........÷# # ...
..######.#..### # #.
#%#.....# #
#.##.....###########


You could see sergedm's ghost.

Vanquished Creatures
  2 leopard geckos
  2 giant cockroaches
  2 goblins
  11 hobgoblins
  2 bats
  5 kobolds
  3 rats
27 creatures vanquished.

Notes
Turn   | Place    | Note
-------+----------+-------------------------------------------
     0 | D:1      | xgamer67 the Spriggan Enchanter began the quest for the Orb.
     0 | D:1      | Reached XP level 1. HP: 9/9 MP: 5/5
   241 | D:1      | Reached XP level 2. HP: 13/13 MP: 6/6
   253 | D:1      | Learned a level 2 spell: Ensorcelled Hibernation
   787 | D:1      | Reached skill level 5 in Stealth
   964 | D:2      | Noticed Sigmund
  1479 | D:3      | Noticed sergedm's ghost (weakling DECj)
  1767 | D:3      | Reached XP level 3. HP: 6/16 MP: 8/8
  2020 | D:3      | Killed from afar by sergedm's ghost

Vault maps used:
D:1:      minmay_arrival_five_plusses
D:2:      nicolae_overflow_crystal_walls, trog_three_pillars_becter,
          uniq_sigmund
D:3:      nicolae_overflow_hidden_temple, first_bread,
          chequers_ecumenical_altar_grove

Skill      XL: |  1  2 |
---------------+-------+-----
Hexes          | 4 |  4.0
Spellcasting   | 3 |  3.4
Stealth        | 5 |  5.3
Short Blades   | |  1.1
Dodging        | |  3.0

Action                   || total
-------------------------++-------
Melee: Dagger            ||   141
 Cast: Corona            ||     2
  Use: Scroll            ||     5
 Stab: Sleeping          ||     9
Armor: Robe              ||     5
Dodge: Dodged            ||    77
Block: Other             ||     5
